 Dungeon Crawl Stone Soup version 0.25.1-2-g60ff931df9 (webtiles) character file.

Game seed: 4537283624771635530

2173 DogServant the Frost Mage (level 9, -8/50 HPs)
             Began as a Deep Elf Ice Elementalist on Oct 17, 2020.
             Was a Priest of Zin.
             Mangled by a two-headed ogre
             ... wielding a +0 giant spiked club
              (28 damage)
             ... on level 6 of the Dungeon.
             The game lasted 00:16:48 (7960 turns).

DogServant the Frost Mage (DEIE)                    Turns: 7960, Time: 00:16:49

Health: -8/50      AC:  3    Str:  5    XL:     9   Next: 11%
Magic:  9/17       EV: 18    Int: 24    God:    Zin [***...]
Gold:   259        SH:  0    Dex: 15    Spells: 5/16 levels left

rFire    . . .     SeeInvis .   v - +4 dagger (holy)
rCold    . . .     Gourm    .   (no shield)
rNeg     . . .     Faith    .   a - +1 robe
rPois    .         Spirit   .   (no helmet)
rElec    .         Reflect  .   (no cloak)
rCorr    .         Harm     .   (no gloves)
MR       .....                  (no boots)
Stlth    ++........             (no amulet)
HPRegen  0.16/turn              y - ring of wizardry
MPRegen  0.15/turn              (no ring)

@: frozen ramparts
A: no striking features
a: Recite, Vitalisation, Imprison, Donate Gold, Renounce Religion


You were on level 6 of the Dungeon.
You worshipped Zin.
Zin was most pleased with you.
You were not hungry.

You visited 2 branches of the dungeon, and saw 7 of its levels.
You also visited: Ossuary.

You collected 287 gold pieces.
You donated 28 gold pieces to Zin.

Inventory:

Hand Weapons
 h - a +2 short sword of protection
 v - a +4 dagger of holy wrath (weapon)
 x - a +3 falchion
Missiles
 w - 29 poisoned darts (quivered)
Armour
 a - a +1 robe (worn)
 l - a +0 leather armour
Jewellery
 y - a ring of wizardry (left hand)
Wands
 j - a wand of enslavement (8)
Scrolls
 d - a scroll of torment {unknown}
 e - 2 scrolls of enchant armour
 f - a scroll of amnesia
 p - 3 scrolls of teleportation
 t - 2 scrolls of immolation
 z - a scroll of enchant weapon
Potions
 g - 3 potions of might
 i - a potion of cancellation
 k - 2 potions of ambrosia
 m - 2 potions of degeneration
 n - 5 potions of curing
 o - 5 potions of heal wounds
 q - 2 potions of flight
 r - a potion of stabbing {unknown}
 s - 2 potions of brilliance {unknown}
 u - a potion of lignification {unknown}
 A - a potion of mutation {unknown}
 B - a potion of haste {unknown}
Comestibles
 c - 8 rations


   Skills:
 - Level 3.0 Fighting
 - Level 8.4 Dodging
 - Level 2.4 Stealth
 - Level 4.0 Spellcasting
 + Level 2.3 Summonings
 + Level 9.9 Ice Magic
 + Level 3.0 Invocations


You had 5 spell levels left.
You knew the following spells:

 Your Spells              Type           Power        Failure   Level  Hunger
a - Freeze                Ice            ####         1%          1    None
b - Frozen Ramparts       Ice            ######       1%          3    ##.....
c - Ozocubu's Armour      Chrm/Ice       ####....     1%          3    ##.....
d - Summon Ice Beast      Ice/Summ       ####....     3%          4    ####...

Your spell library contained the following spells:

 Spells                   Type           Power        Failure   Level  Hunger
 Hailstorm                Conj/Ice       ####....     5%          4    ####...


Dungeon Overview and Level Annotations

Branches:
Dungeon (6/15)             Temple (1/1) D:4         Ossuary (visited)

Altars:
Cheibriados
Elyvilon
Hepliaklqana
Kikubaaqudgha
Makhleb
Nemelex Xobeh
Okawaru
Ru
Sif Muna
Trog
Uskayaw
Xom
Zin
The Shining One

Shops:
D:4 %


Message History

Cornered, the two-headed ogre turns to fight!
Your ice beast hits the two-headed ogre but does no damage.
The frozen ramparts melt away.
Casting: Summon Ice Beast (dangerous; 3% risk of failure)
Confirm with . or Enter, or press ? or * to list all spells.
The walls around you are covered in ice.
The wall freezes the two-headed ogre.
You hit the two-headed ogre.
The two-headed ogre is heavily wounded.
The wall freezes the two-headed ogre.
The two-headed ogre hits you with a +0 giant spiked club.
The two-headed ogre hits you with a +0 giant club!
Your ice beast hits the two-headed ogre.
Your ice beast freezes the two-headed ogre!
You hit the two-headed ogre.
The two-headed ogre is almost dead.
The two-headed ogre looks more healthy.
The wall freezes the two-headed ogre.
The two-headed ogre hits you with a +0 giant spiked club!!
Ouch! That really hurt!
You die...

## #.# .. #.##
≈≈##.. ..# ###
≈......
#.#######.#
.......
#.#...YO@##
....... #.<.######
......###.####
......##.#†Y.#
......#.##.....#
........##......#
.......###.......#
#####.## ....(...#
.###..# ........#


You could see a two-headed ogre and a friendly ice beast (summoned).

Vanquished Creatures
  Pikel (D:4)
  Grinder (D:4)
  2 ice beasts
  2 sky beasts
  2 slaves (D:4)
  An ogre (D:5)
  Blork the orc (D:5)
  2 water moccasin zombies (Ossuary)
  A howler monkey (D:5)
  2 crimson imps (D:5)
  A hound (D:5)
  A quasit (D:5)
  3 orc wizards
  An iguana (D:5)
  6 worker ants
  A killer bee zombie (D:5)
  2 big kobold zombies (Ossuary)
  A hound zombie (D:6)
  A hound skeleton (D:4)
  2 mummies (Ossuary)
  3 gnolls (D:3)
  7 adders
  A shadow imp (D:6)
  2 oozes (D:1)
  4 adder zombies (Ossuary)
  7 dart slugs
  3 worms (D:2)
  6 leopard geckos
  10 orcs
  2 ball pythons
  7 giant cockroaches
  5 goblins
  8 hobgoblins
  3 jackals (D:6)
  10 kobolds
  A quokka (D:2)
  11 bats
  7 frilled lizards
  3 gnoll zombies (Ossuary)
  5 hobgoblin zombies (Ossuary)
  6 kobold zombies (Ossuary)
  A leopard gecko zombie (D:6)
  7 orc zombies (Ossuary)
  A quokka skeleton (D:6)
  9 rats
  2 butterflies (D:3)
165 creatures vanquished.

Vanquished Creatures (collateral kills)
  An orc warrior (D:6)
  A phantom (D:6)
2 creatures vanquished.

Grand Total: 167 creatures vanquished

Notes
Turn   | Place    | Note
-------+----------+-------------------------------------------
     0 | D:1      | DogServant the Deep Elf Ice Elementalist began the quest
                  | for the Orb.
     0 | D:1      | Reached XP level 1. HP: 10/10 MP: 6/6
   270 | D:1      | Reached XP level 2. HP: 16/16 MP: 4/8
   353 | D:1      | Reached skill level 1 in Fighting
   737 | D:1      | Reached skill level 5 in Ice Magic
   737 | D:1      | Reached XP level 3. HP: 20/20 MP: 5/9
   743 | D:1      | Learned a level 3 spell: Frozen Ramparts
  1547 | D:2      | Reached XP level 4. HP: 22/26 MP: 6/10
  1724 | D:2      | Found a burning altar of Makhleb.
  2316 | D:3      | Found a shimmering altar of Xom.
  2386 | D:3      | Learned a level 3 spell: Ozocubu's Armour
  2814 | D:3      | Found an iron altar of Okawaru.
  3447 | D:3      | Reached XP level 5. HP: 31/31 MP: 7/11
  3973 | D:4      | Noticed Grinder
  4069 | D:4      | Reached skill level 6 in Ice Magic
  4073 | D:4      | Found a staircase to the Ecumenical Temple.
  4092 | D:4      | Killed Grinder
  4092 | D:4      | Reached XP level 6. HP: 9/36 MP: 12/12
  4335 | Temple   | Entered the Ecumenical Temple
  4437 | Temple   | Became a worshipper of Zin the Law-Giver
  4437 | Temple   | Reached * piety under Zin
  4698 | D:4      | Found a hazy altar of Hepliaklqana.
  4945 | D:4      | Noticed a slave
  4945 | D:4      | Noticed a slave
  4945 | D:4      | Noticed a slave
  4945 | D:4      | Noticed a slave
  4952 | D:4      | Killed a slave
  4953 | D:4      | Killed a slave
  5075 | D:4      | Noticed Pikel
  5085 | D:4      | Killed Pikel
  5085 | D:4      | Reached skill level 8 in Ice Magic
  5085 | D:4      | Reached XP level 7. HP: 38/40 MP: 3/13
  5167 | D:4      | Found Woherunt's Food Emporium.
  5194 | D:5      | Entered Level 5 of the Dungeon
  5410 | D:5      | Reached XP level 8. HP: 40/45 MP: 10/14
  5817 | D:5      | Found a white marble altar of Elyvilon.
  5888 | D:5      | Reached skill level 9 in Ice Magic
  6341 | D:5      | Noticed Blork the orc
  6354 | D:5      | Killed Blork the orc
  6784 | D:6      | Reached skill level 1 in Invocations
  6858 | D:6      | Reached ** piety under Zin
  6977 | D:6      | Learned a level 4 spell: Summon Ice Beast
  7193 | D:6      | Reached skill level 1 in Summonings
  7280 | D:6      | Found a sand-covered staircase.
  7285 | Ossuary  | Entered an ossuary
  7441 | Ossuary  | Reached *** piety under Zin
  7507 | Ossuary  | Reached XP level 9. HP: 41/50 MP: 14/17
  7804 | D:6      | Noticed a two-headed ogre
  7960 | D:6      | Mangled by a two-headed ogre

Illustrated notes

Levels and vault maps discovered:
D:1:      dpeg_arrival_court, layout_basic, minmay_misc_feat_room,
          grunt_decor_mini_mirrors, grunt_decor_fettered, serial_bayou_ford_a,
          chequers_serial_rivers_micro_a, grunt_decor_resistance,
          minmay_small_reverse_x
D:2:      layout_rooms, old_standard_altar
D:3:      layout_basic, xom_butterflies, lemuel_altar_in_water
D:4:      layout_basic, lemuel_coloured_pillars_altar,
          minmay_temple_entry_wispy, serial_shops, kennysheep_mini_moat,
          uniq_grinder, uniq_pikel
D:5:      layout_basic, elyvilon_altar_5, first_ration, uniq_blork_the_orc
D:6:      layout_cave_pods, grunt_temple_overflow_cloverleaf, kennysheep_mini,
          enter_ossuary_3, kennysheep_slug_shrine
Temple:   compressed_dpeg_triangle_lava_temple

Skill      XL: |  1  2  3  4  5  6  7  8  9 |
---------------+----------------------------+-----
Fighting       | 1 2 3 |  3.0
Ice Magic      | 5 6 8 9 |  9.9
Dodging        | 4 6 7 8 |  8.4
Invocations    | 2 3 |  3.0
Spellcasting   | 4 |  4.0
Summonings     | 1 2 |  2.3
Stealth        | |  2.4

Action                   |  1- 3 |  4- 6 |  7- 9 || total
-------------------------+-------+-------+-------++-------
Melee: Unarmed           |     2 |       |       ||     2
       Whip              |    34 |    28 |       ||    62
       Short sword       |       |    44 |    79 ||   123
       Dagger            |       |       |   152 ||   152
Throw: Dart              |       |       |     8 ||     8
 Cast: Freeze            |    33 |    18 |    15 ||    66
       Frozen Ramparts   |     3 |    12 |    26 ||    41
       Ozocubu's Armour  |       |     4 |    11 ||    15
       Summon Ice Beast  |       |       |     4 ||     4
  Use: Scroll            |       |    11 |    10 ||    21
       Potion            |       |     3 |       ||     3
 Stab: Sleeping          |     7 |     7 |     2 ||    16
  Eat: Chunk             |     2 |    10 |     5 ||    17
       Ration            |       |     1 |     2 ||     3
Armor: Robe              |    11 |    19 |    62 ||    92
Dodge: Dodged            |    35 |    44 |   235 ||   314
